 Dungeon Crawl Stone Soup version 0.19.0-18-g426998a (webtiles) character file.

4461 Gargoyl the Agent of Entropy (level 10, 0/76 HPs)
             Began as a Demonspawn Abyssal Knight on Nov 12, 2016.
             Was a Priest of Lugonu.
             Splashed by a jelly's acid (5 damage)
             ... on level 7 of the Dungeon.
             The game lasted 00:26:32 (7919 turns).

Gargoyl the Agent of Entropy (DsAK)                 Turns: 7919, Time: 00:26:33

Health: 0/76       AC: 17    Str:  4 (15) XL:     10   Next: 15%
Magic:  16/16      EV: -7    Int: 11 (13) God:    Lugonu [***...]
Gold:   384        SH:  4    Dex:  2 (14) Spells: 0 memorised, 9 levels left

rFire  . . .     SeeInvis +     p - +1 war axe
rCold  + . .     Gourm    .     d - +0 plate armour
rNeg   + . .     Faith    .     A - +0 shield
rPois  +         Spirit   .     (no helmet)
rElec  .         Reflect  .     w - +2 cloak {+Inv}
rCorr  .         Harm     .     l - +0 pair of gloves
MR     +....                    g - +2 pair of boots
Stlth  ..........               (no amulet)
                                e - ring of protection from magic
                                j - ring of positive energy

@: corroded, very slightly contaminated, drained, invisible
A: claws 2, see invisible, cold resistance 1, deterioration 2, poison
resistance, powered by death 2, powered by pain 1, regeneration 1, evolution 1
a: Depart the Abyss, Bend Space, Banish, Renounce Religion


You were on level 7 of the Dungeon.
You worshipped Lugonu.
Lugonu was most pleased with you.
You were hungry.

You visited 1 branch of the dungeon, and saw 8 of its levels.
You visited the Abyss 1 time.

You collected 384 gold pieces.

Inventory:

Hand Weapons
 a - a +1 hand axe
 p - a +1 war axe (weapon)
 y - a +0 war axe
Missiles
 C - 2 javelins (quivered)
Armour
 d - a +0 plate armour (worn)
 g - a +2 pair of boots (worn)
 l - a +0 pair of gloves (worn)
 w - a +2 cloak of invisibility (worn)
 A - a +0 shield (worn)
Jewellery
 e - a ring of protection from magic (right hand)
 j - a ring of positive energy (left hand)
Wands
 b - a wand of paralysis (12/24)
 t - a wand of confusion (29/48)
Scrolls
 k - 2 scrolls of recharging
 q - 2 scrolls of remove curse
 v - 5 scrolls of identify
 z - a scroll of amnesia
 B - 2 scrolls of teleportation
Potions
 i - 3 potions of magic
 o - 2 potions of curing
Books
 f - a book of Conjurations

   Spells                             Type                      Level
   a - Magic Dart                     Conjuration                  1
   b - Searing Ray                    Conjuration                  2
   c - Dazzling Spray                 Conjuration/Hexes            3
   d - Fulminant Prism                Conjuration/Hexes            4
   e - Iskenderun's Mystic Blast      Conjuration                  4
   f - Iskenderun's Battlesphere      Conjuration/Charms           5
 m - a book of Flames

   Spells                             Type                      Level
   a - Flame Tongue                   Conjuration/Fire             1
   b - Throw Flame                    Conjuration/Fire             2
   c - Conjure Flame                  Conjuration/Fire             3
   d - Inner Flame                    Hexes/Fire                   3
   e - Sticky Flame                   Conjuration/Fire             4
   f - Fireball                       Conjuration/Fire             5
 r - a Necronomicon

   Spells                             Type                      Level
   a - Haunt                          Necromancy/Summoning         7
   b - Borgnjor's Revivification      Necromancy                   8
   c - Death's Door                   Charms/Necromancy            8
   d - Infestation                    Necromancy                   8
   e - Necromutation                  Transmutation/Necromancy     8
Comestibles
 c - 8 bread rations
 s - a meat ration
 u - 6 fruits
 D - a slice of pizza


   Skills:
 + Level 6.1(5.7) Fighting
 + Level 8.2(7.7) Axes
 + Level 1.2(0.8) Throwing
 * Level 8.1(7.6) Armour
 + Level 1.1(0.6) Dodging
 * Level 8.5(8.0) Invocations


You had 9 spell levels left.
You didn't know any spells.

Dungeon Overview and Level Annotations

Branches:
Dungeon (8/15)             Temple (0/1) D:4
   Lair: D:8-11

Altars:
Cheibriados
Dithmenos
Gozag
Kikubaaqudgha
Makhleb
Qazlal
Trog
Uskayaw
Vehumet
The Shining One

Shops:
D:7 (

Annotations:
D:7 Psyche


Innate Abilities, Weirdness & Mutations

You have very sharp fingernails.
You regenerate health from kills.
You sometimes gain a little power by taking damage.
You have supernaturally acute eyesight. (SInv)
Your flesh is cold resistant. (rC+)
Your body often deteriorates upon taking damage.
Your system is resistant to poisons. (rPois)
Your natural rate of healing is unusually fast.
You evolve.


Message History

Your plate armour prevents you from hitting the adder.
The adder is almost dead.
You hit the jelly but do no damage.
Your hands burn!
* * * LOW HITPOINT WARNING * * *
The adder bites you but does no damage. The jelly hits you but does no damage.
You hit the adder.
You kill the adder!
Lugonu accepts your kill.
Your shield and plate armour prevent you from hitting the jelly.
The jelly hits you but does no damage.
Unknown command.
You completely miss the jelly.
The jelly is lightly wounded.
The jelly hits you but does no damage. x2
You slash the jelly! The acid corrodes you!
Your hands burn!
* * * LOW HITPOINT WARNING * * *
The jelly is almost dead.
The jelly hits you but does no damage.
You hit the jelly but do no damage.
Your hands burn!
You die...

#......#.......#..##..
#####..#.......#..##..
#..##.....##...#..
#..####.####......
#.............###.
#.#.......#######.
#.#......## #...
#J#......# #.#.
#@######## #.#. #†#
######.#. #####.##
#......## ##......##
###.######
##..<.....####...#
#..>.....(......########
#....................=..
#................#######
#...............########


You could see a jelly.

Vanquished Creatures
  The ghost of Gedkyri the Skirmisher, an amateur MiFi of Okawaru (D:5)
  A hippogriff (D:8)
  The ghost of Millan the Stinger, an amateur OpVM (D:4)
  A water moccasin (D:6)
  An orc warrior (D:8)
  2 ice beasts
  2 phantoms
  A sky beast (D:4)
  2 black bears
  7 ogres
  The ghost of MaximumFunGaming the Skirmisher, an amateur HOBe of Trog (D:3)
  A necrophage (D:7)
  2 big kobolds
  2 bullfrogs
  2 scorpions
  A water moccasin skeleton (D:7)
  8 wights
  2 crimson imps (D:6)
  A centaur zombie (D:8)
  A bullfrog zombie (D:6)
  6 hounds
  3 bullfrog skeletons
  2 gnoll shamans
  Crazy Yiuf (D:3)
  An iguana (D:8)
  3 orc wizards
  A worker ant (D:3)
  A statue (D:5)
  A hound zombie (D:5)
  A worker ant zombie (D:5)
  Robin (D:3)
  9 gnolls
  7 adders
  An adder zombie (D:5)
  An adder skeleton (D:5)
  2 worms (D:3)
  4 dart slugs
  2 leopard geckos
  22 orcs
  A ball python (D:3)
  4 giant cockroaches
  17 goblins
  12 hobgoblins
  8 jackals
  5 quokkas
  6 bats
  5 frilled lizards
  17 kobolds
  A quokka zombie (D:7)
  5 rats
190 creatures vanquished.

Vanquished Creatures (others)
  The ghost of Kiel97 the Slasher, a novice FoBe of Trog (D:6)
  A crimson imp (D:5)
2 creatures vanquished.

Grand Total: 192 creatures vanquished

Notes
Turn   | Place    | Note
-------+----------+-------------------------------------------
     0 | Abyss:1  | Gargoyl the Demonspawn Abyssal Knight began the quest for the Orb.
     0 | Abyss:1  | Reached XP level 1. HP: 18/18 MP: 2/2
   129 | Abyss:1  | Noticed a small abomination
   137 | Abyss:1  | Noticed a wretched star
   138 | D:1      | Escaped the Abyss
   235 | D:1      | Gained mutation: You regenerate a little health from kills. [demonic ancestry]
   235 | D:1      | Reached XP level 2. HP: 17/24 MP: 3/3
   390 | D:1      | Reached * piety under Lugonu
   723 | D:1      | Gained mutation: You have sharp fingernails. [demonic ancestry]
   723 | D:1      | Reached XP level 3. HP: 29/29 MP: 5/5
  1306 | D:2      | Found a glowing golden altar of the Shining One.
  1466 | D:3      | Found an ancient bone altar of Kikubaaqudgha.
  1473 | D:3      | Noticed MaximumFunGaming's ghost (amateur HOBe)
  1478 | D:3      | Reached XP level 4. HP: 26/37 MP: 6/6
  1492 | D:3      | Reached ** piety under Lugonu
  2442 | D:3      | Killed MaximumFunGaming's ghost
  2442 | D:3      | Gained mutation: You sometimes gain a little power by taking damage. [demonic ancestry]
  2442 | D:3      | Reached XP level 5. HP: 9/42 MP: 7/7
  2481 | D:3      | Noticed Robin
  2494 | D:3      | Reached skill level 1 in Dodging
  2499 | D:3      | Killed Robin
  2533 | D:3      | Noticed an ice beast
  2562 | D:3      | Killed an ice beast
  2562 | D:3      | Gained mutation: You regenerate health from kills. [demonic ancestry]
  2562 | D:3      | Reached XP level 6. HP: 24/48 MP: 9/9
  2730 | D:3      | Found a runed door.
  2860 | D:3      | Noticed Crazy Yiuf
  2867 | D:3      | Killed Crazy Yiuf
  3207 | D:3      | Found an opulent altar of Gozag.
  3539 | D:4      | Reached XP level 7. HP: 12/54 MP: 10/10
  3569 | D:4      | Noticed Millan's ghost (amateur OpVM)
  3608 | D:5      | Entered Level 5 of the Dungeon
  3820 | D:5      | Found a radiant altar of Vehumet.
  3926 | D:4      | Gained mutation: Your natural rate of healing is unusually fast. [potion of mutation]
  3926 | D:4      | Gained mutation: Your system is resistant to poisons. (rPois) [potion of mutation]
  3926 | D:4      | Gained mutation: Your body sometimes deteriorates upon taking damage. [potion of mutation]
  3927 | D:4      | Gained mutation: You are resistant to hostile enchantments. (MR+) [potion of mutation]
  3947 | D:4      | Killed Millan's ghost
  3947 | D:4      | Reached skill level 5 in Invocations
  3956 | D:4      | Found a staircase to the Ecumenical Temple.
  4138 | D:4      | Found a stormy altar of Qazlal.
  4410 | D:4      | Gained mutation: You are agile. (Dex +2) [potion of mutation]
  4410 | D:4      | Gained mutation: Your flesh is heat resistant. (rF+) [potion of mutation]
  4411 | D:4      | Lost mutation: You are resistant to hostile enchantments. (MR+) [potion of cure mutation]
  4411 | D:4      | Lost mutation: You are agile. (Dex +2) [potion of cure mutation]
  4411 | D:4      | Lost mutation: Your flesh is heat resistant. (rF+) [potion of cure mutation]
  4468 | D:5      | Noticed Gedkyri's ghost (amateur MiFi)
  4483 | D:4      | Reached skill level 5 in Axes
  4490 | D:4      | Gained mutation: You evolve. [mutagenic meat]
  4491 | D:4      | Gained mutation: You have supernaturally acute eyesight. (SInv) [mutagenic meat]
  4493 | D:4      | Gained mutation: Your body often deteriorates upon taking damage. [mutagenic meat]
  4714 | D:4      | Reached skill level 5 in Armour
  4714 | D:4      | Reached XP level 8. HP: 61/61 MP: 10/12
  4774 | D:5      | Killed Gedkyri's ghost
  4942 | D:5      | Reached *** piety under Lugonu
  5466 | D:6      | Reached skill level 5 in Fighting
  5475 | D:6      | Found a snail-covered altar of Cheibriados.
  5475 | D:6      | Found a faded altar of an unknown god.
  5480 | D:6      | Found a faded altar of an unknown god.
  5482 | D:6      | Found a faded altar of an unknown god.
  5483 | D:6      | Found a faded altar of an unknown god.
  5545 | D:6      | Noticed Kiel97's ghost (novice FoBe)
  5813 | D:6      | Banished Kiel97's ghost
  5853 | D:6      | Reached XP level 9. HP: 68/68 MP: 9/13
  6048 | D:6      | Reached skill level 1 in Throwing
  6324 | D:7      | Found Qesinwit's Weapon Shoppe.
  6334 | D:7      | Noticed a death knight
  6353 | D:7      | Banished a death knight
  6454 | D:7      | Found a burning altar of Makhleb.
  6786 | D:8      | Found a shadowy altar of Dithmenos.
  7100 | D:8      | Noticed Psyche
  7102 | D:8      | Gained mutation: You have very sharp fingernails. [demonic ancestry]
  7102 | D:8      | Reached XP level 10. HP: 37/76 MP: 16/16
  7105 | D:8      | HP: 1/76 [ogre/giant club (4)]
  7121 | D:7      | Gained mutation: Your flesh is cold resistant. (rC+) [evolution]
  7782 | D:8      | Found a bloodstained altar of Trog.
  7863 | D:8      | Found a hide-covered altar of Uskayaw.
  7902 | D:8      | HP: 2/76 [hippogriff (6)]
  7919 | D:7      | Splashed by a jelly's acid

Skill      XL: |  1  2  3  4  5  6  7  8  9 10 |
---------------+-------------------------------+-----
Armour         | 2 3 4 5 6 7 8 |  8.1
Axes           | 2 3 4 5 6 8 |  8.2
Invocations    | 3 4 5 6 8 |  8.5
Fighting       | 4 5 6 |  6.1
Dodging        | 1 |  1.1
Throwing       | 1 |  1.2

Action                   |  1- 3 |  4- 6 |  7- 9 | 10-12 || total
-------------------------+-------+-------+-------+-------++-------
Melee: Hand axe          |   131 |       |       |       ||   131
       War axe           |     6 |   174 |   554 |   177 ||   911
Throw: Javelin           |       |     2 |     8 |       ||    10
Invok: Depart the Abyss  |     1 |       |       |       ||     1
       Banish            |       |       |     6 |       ||     6
  Use: Scroll            |     6 |       |     8 |       ||    14
       Potion            |       |     3 |    16 |     6 ||    25
 Stab: Invisible         |       |     1 |       |       ||     1
  Eat: Chunk             |     2 |     2 |    10 |     3 ||    17
       Bread ration      |       |     1 |     1 |       ||     2
       Fruit             |       |       |     6 |       ||     6
Armor: Plate armour      |   175 |   216 |   651 |   338 ||  1380
Dodge: Dodged            |    30 |    57 |    83 |    23 ||   193
Block: Shield            |       |       |       |    21 ||    21
